Cogmind - Beta 10 X1 @@@ ROGUE MODE // 2020.08.30 @ 14:20:49 Player: SirMrDrProf Result: Destroyed by 8R-AWN with 8R-AWN's Boregun Performance ------------- Evolutions (0) 0 Regions Visited (3) 600 Robots Destroyed (4) 20 Value Destroyed (40) 40 Prototype IDs (24) 480 Alien Tech Used (0) 0 Bonus (207) 207 TOTAL SCORE: 1347 Bonus ------- Aligned with FarCom 300 Friendly Fire -93 Cogmind --------- Core Integrity 0/250 Matter 211/300 Energy 100/100 System Corruption 0% Temperature Cool (0) Movement Core (50) Location -10/Exiles Parts ------- > --- POWER (1) -------- (None) > --- PROPULSION (2) --- (None) > --- UTILITY (2) ------ Targeting Computer > --- WEAPON (2) ------- (None) > --- INVENTORY (4) ---- Light Ion Engine 8R-AWN's Boregun Deploy-a-Sentry Peak State ------------ > --- POWER ------------ Makeshift Power Source > --- PROPULSION ------- Makeshift Leg > --- UTILITY ---------- Targeting Computer > --- WEAPON ----------- Makeshift Laser 8R-AWN's Boregun > --- INVENTORY -------- Light Ion Engine Deploy-a-Sentry [Rating: 23] Favorites ----------- Power Light Ion Engine Engine Light Ion Engine Propulsion Flight Unit Leg Makeshift Leg Flight Unit Flight Unit Utility Targeting Computer Storage Small Storage Unit Processor Targeting Computer Weapon Light Assault Rifle Energy Gun Small Laser Ballistic Gun Light Assault Rifle Launcher Rocket Launcher Build | -11 -10 -10 -10 ------- Run | Scr Mat Min Exi Slots Evolved . | . . . . Power . | . . . . Propulsion . | . . . . Utility . | . . . . Weapon . | . . . . Parts Attached 18 | 2 2 6 8 Power 2 | . . 1 1 Engine 2 | . . 1 1 Core . | . . . . Reactor . | . . . . Propulsion 5 | . . 3 2 Treads . | . . . . Leg 1 | . . . 1 Wheel . | . . . . Hover . | . . . . Flight 4 | . . 3 1 Utility 2 | . 1 1 . Device . | . . . . Storage 1 | . . 1 . Processor 1 | . 1 . . Hackware . | . . . . Protection . | . . . . Artifact . | . . . . Weapon 9 | 2 1 1 5 Energy Gun 4 | 2 1 . 1 Energy Cannon . | . . . . Ballistic Gun 4 | . . 1 3 Ballistic Cannon . | . . . . Launcher 1 | . . . 1 Special Weapon . | . . . . Impact Weapon . | . . . . Slashing Weapon . | . . . . Piercing Weapon . | . . . . Special Melee Weapon . | . . . . Unidentified Prototypes 1 | . . . 1 Parts Lost 6 | . . . 6 Power . | . . . . Propulsion 3 | . . . 3 Utility . | . . . . Weapon 3 | . . . 3 Highest Loss Streak 5 | . . . 5 Average Slot Usage (%) 69 | . 33 80 65 Engine 10 | . . 12 10 Flight 19 | . . 25 18 Storage 6 | . . 4 9 Processor 13 | . 8 14 14 Energy Gun 6 | . 25 11 1 Ballistic Gun 8 | . . 11 7 Launcher 1 | . . . 3 Naked Turns . | . . . . Heaviest Build 12 | 2 3 8 12 Greatest Support 20 | 3 3 8 20 Greatest Overweight (x) 1 | . . . 1 Average Overweight (x) . | . . . . Largest Inventory Capacity 6 | 4 4 6 6 Average Capacity 4 | 4 4 4 5 Most Carried 6 | 4 4 6 6 Average Carried 3 | 2 3 4 3 Final Capacity 6 | 4 4 6 4 Final Carried 6 | 4 3 6 3 Class Distribution -------------------- 100% | Mutant Dominant Class ---------------- Mutant | -10/Materials Mutant | -10/Mines Mutant | -10/Exiles Resources | -11 -10 -10 -10 ----------- Run | Scr Mat Min Exi Matter Collected 386 | 220 . 80 86 Remotely . | . . . . Salvage Created 65 | . . 50 15 Parts 8 | . . 8 . Haulers Intercepted . | . . . . Recyclers Shooed 1 | . . 1 . Parts Field Recycled . | . . . . Retrieved Matter . | . . . . Parts Self-Destructed . | . . . . Prevented . | . . . . Kills | -11 -10 -10 -10 ------- Run | Scr Mat Min Exi Combat Hostiles Destroyed 3 | . . 3 . Guns 3 | . . 3 . Classes Destroyed 2 | . . 1 1 Swarmer 3 | . . 3 . Zionite 1 | . . . 1 Best Kill Streak 3 | . . 3 1 Combat Bots Only 3 | . . 3 . Max Kills in Single Turn 1 | . . 1 1 Gunslinging . | . . . . Exploded . | . . . . Melee . | . . . . Uniques/NPCs Destroyed 1 | . . . 1 EX-BIN (-10/Exiles) Combat | -11 -10 -10 -10 -------- Run | Scr Mat Min Exi Damage Taken 594 | . . 86 508 Core 257 | . . 40 217 Absorbed by Shields . | . . . . Core Remaining (%) 100 | 100 . . . Volleys Fired 23 | . . 8 15 Largest 2 | . . 2 1 Hottest 80 | . . 80 33 Shots Fired 29 | . . 14 15 Gun 22 | . . 14 8 Cannon . | . . . . Launcher 7 | . . . 7 Special . | . . . . Kinetic 8 | . . . 8 Thermal 8 | . . 8 . Explosive 7 | . . . 7 Electromagnetic 6 | . . 6 . Robot Hit Streak 14 | . . 3 14 Robot Miss Streak 1 | . . 1 1 Penetration Max . | . . . . Secondary Targets . | . . . . Shots Hit Robots 22 | . . 8 14 Core Hits 9 | . . 4 5 Critical Hits 4 | . . . 4 Critical Kills 1 | . . . 1 Critical Parts Destroyed . | . . . . Melee Attacks . | . . . . Impact . | . . . . Slashing . | . . . . Piercing . | . . . . Sneak Attacks . | . . . . Combat Hostiles . | . . . . Follow-up Attacks . | . . . . Damage Inflicted 505 | . . 85 420 Guns 235 | . . 85 150 Cannons . | . . . . Explosions 270 | . . . 270 Melee . | . . . . Ramming . | . . . . Kinetic 150 | . . . 150 Thermal 70 | . . 70 . Explosive 270 | . . . 270 Electromagnetic 15 | . . 15 . Impact . | . . . . Slashing . | . . . . Piercing . | . . . . Highest Corruption . | . . . . Average Corruption . | . . . . Corruption Purged . | . . . . Overload Shots . | . . . . Overflow Damage . | . . . . Projectiles . | . . . . Explosions . | . . . . Melee . | . . . . Knockbacks . | . . . . Impact . | . . . . Kinetic . | . . . . Secondary . | . . . . Self-Inflicted Damage . | . . . . Shots . | . . . . Rammed . | . . . . Targets Rammed . | . . . . Kicked . | . . . . Crushed . | . . . . Highest Temperature 15 | . . 15 . Average Temperature 8 | . . 8 . Received Heat Transfer 21 | . . 21 . Siege Activations . | . . . . Robots Corrupted . | . . . . Combat Hostiles . | . . . . Parts Fried . | . . . . Impact Corruptions . | . . . . Robots Melted . | . . . . Combat Hostiles . | . . . . Parts Melted . | . . . . Heat Transferred 150 | . . 150 . Parts Sabotaged . | . . . . Parts Stolen . | . . . . Parts Stripped . | . . . . Power Chain Reactions . | . . . . Missiles Intercepted . | . . . . Alert | -11 -10 -10 -10 ------- Run | Scr Mat Min Exi Peak Influence 71 | . 5 71 . Average Influence 52 | . 1 65 . Maximum Alert Level . | . . . . Low Security (%) 100 | 100 100 100 . Level 1 . | . . . . Level 2 . | . . . . Level 3 . | . . . . Level 4 . | . . . . Level 5 . | . . . . High Security . | . . . . Max Security . | . . . . Squads Dispatched 2 | . 2 . . Investigation 1 | . 1 . . Extermination . | . . . . Reinforcement 1 | . 1 . . Assault . | . . . . Garrison . | . . . . Intercept . | . . . . Construction Impeded . | . . . . Haulers Reinforced . | . . . . Stealth | -11 -10 -10 -10 --------- Run | Scr Mat Min Exi Distress Signals 1 | . 1 . . Communications Jammed . | . . . . Distress Signals . | . . . . Times Spotted 28 | . 2 7 19 Peak Tracking Total 11 | . 2 3 11 Tactical Retreats 5 | . . 2 3 Traps | -11 -10 -10 -10 ------- Run | Scr Mat Min Exi Traps Triggered 1 | . 1 . . Indirectly . | . . . . Trap Hack Attempts . | . . . . Triggered . | . . . . Disarmed . | . . . . Reprogrammed . | . . . . Reused 4 | . . . 4 Traps Extracted . | . . . . Installed 4 | . . . 4 Triggered . | . . . . Machines | -11 -10 -10 -10 ---------- Run | Scr Mat Min Exi Machines Disabled 4 | . . . 4 Max in Single Turn 1 | . . . 1 Machines Sabotaged . | . . . . Garrisons Compromised . | . . . . Overloaded Fab Kills . | . . . . Fab Network Shutdowns . | . . . . Hacking | -11 -10 -10 -10 --------- Run | Scr Mat Min Exi Machines Accessed 5 | . 2 1 2 Terminals 3 | . 2 1 . Fabricators . | . . . . Repair Stations . | . . . . Recycling Units . | . . . . Scanalyzers . | . . . . Garrison Access . | . . . . Total Hacks 12 | . 7 3 2 Successful 6 | . 3 1 2 Failed 6 | . 4 2 . Catastrophic 1 | . 1 . . Database Lockouts . | . . . . Manual 6 | . 5 . 1 Terminals 10 | . 7 3 . Fabricators . | . . . . Repair Stations . | . . . . Recycling Units . | . . . . Scanalyzers . | . . . . Garrison Access . | . . . . Terminal Hacks 5 | . 2 1 2 Record 1 | . . . 1 Locate Traps 2 | . 2 . . Zone Layout 1 | . . 1 . EX-Prototype ID Bank 1 | . . . 1 Fabricator Hacks . | . . . . Repair Station Hacks . | . . . . Recycling Unit Hacks . | . . . . Scanalyzer . | . . . . Garrison Access Hacks . | . . . . Unauthorized Hacks 1 | . 1 . . Terminals 1 | . 1 . . Botnet 1 | . 1 . . Fabricators . | . . . . Repair Stations . | . . . . Recycling Units . | . . . . Scanalyzers . | . . . . Garrison Access . | . . . . Data Cores Recovered . | . . . . Used . | . . . . Hacking Detections 3 | . 2 1 . Full Trace Events . | . . . . Feedback Events . | . . . . Feedback Blocked . | . . . . Robot Schematics Acquired . | . . . . Robots Built . | . . . . Matter . | . . . . Time . | . . . . Total Robot Build Rating . | . . . . Part Schematics Acquired . | . . . . Parts Built . | . . . . Matter . | . . . . Time . | . . . . Total Part Build Rating . | . . . . Parts Repaired . | . . . . Time . | . . . . Parts Recycled . | . . . . Recycled Matter . | . . . . Retrieved Matter . | . . . . Retrieved Components . | . . . . Parts Scanalyzed . | . . . . Part Schematics Acquired . | . . . . Parts Damaged . | . . . . Bothacking | -11 -10 -10 -10 ------------ Run | Scr Mat Min Exi Used RIF Installer . | . . . . Robots Hacked . | . . . . Non-combat . | . . . . Combat . | . . . . Robot Hacks Applied . | . . . . Relay Couplers Released . | . . . . Robots Rewired . | . . . . Allies Hacked . | . . . . Hacks Repelled . | . . . . Allies | -11 -10 -10 -10 -------- Run | Scr Mat Min Exi Total Allies . | . . . . Largest Group . | . . . . Highest-Rated Group . | . . . . Highest-Rated Ally . | . . . . Total Orders . | . . . . Ally Attacks 28 | . . . 28 Total Damage 1225 | . . . 1225 Kills 8 | . . . 8 Allies Corrupted . | . . . . Allies Melted . | . . . . Turrets Deployed 2 | . . . 2 Intel | -11 -10 -10 -10 ------- Run | Scr Mat Min Exi Robot Analysis Total . | . . . . Derelict Logs Recovered 1 | . . 1 . Drone Launches . | . . . . Drone Recoveries . | . . . . Exploration | -11 -10 -10 -10 ------------- Run | Scr Mat Min Exi Turns Passed 916 | 36 46 326 508 Spaces Moved 1452 | 58 87 518 789 Core 345 | 58 87 27 173 Treads . | . . . . Legs 9 | . . . 9 Wheels . | . . . . Hover . | . . . . Flight 1098 | . . 491 607 Fastest Speed 37 | 50 50 37 37 Average Speed 45 | 50 50 37 50 Slowest Speed 140 | 50 50 50 140 Overloaded Moves . | . . . . Propulsion Burnouts . | . . . . Robots Hopped 11 | . . 11 . Cave-ins Triggered . | . . . . Exploration Rate (%) 47 | 3 32 84 70 Regions Visited 3 Branch Regions 2 Pre-discovered Areas 2 | . . 1 1 Known Exits Taken . | . . . . Unknown Exits Taken 3 | 1 1 1 . Scrap Searched 2 | . . 2 . Spaces Dug . | . . . . Terrain Destroyed 18 | . . . 18 Melee . | . . . . Projectile 1 | . . . 1 AOE 17 | . . . 17 Actions | -11 -10 -10 -10 --------- Run | Scr Mat Min Exi Total 1663 | 63 88 623 889 Wait 144 | . . 88 56 Move 1427 | 57 86 495 789 Hop 11 | . . 11 . Pick Up 16 | 3 . 9 4 Fast Attach 10 | 2 1 3 4 Attach 5 | . 1 1 3 Detach 4 | 1 . . 3 Swap 3 | . . 2 1 Drop 16 | . . 6 10 Fire 23 | . . 8 15 Melee . | . . . . Ram . | . . . . Kick . | . . . . Crush . | . . . . Escape Stasis . | . . . . Rewire . | . . . . Trap 4 | . . . 4 Miscellaneous . | . . . . Route ------- -11/Scrapyard -10/Materials -10/Mines (discovered 2 exits: [*Mat] / *Exi) -10/Exiles (discovered 1 exit: [*Min]) History --------- Turn | Location | Event 5 | -11/Scrapyard | Discovered new exit (range 15) 37 | -11/Scrapyard | Entered Materials 71 | -10/Materials | Discovered new exit (range 12) 83 | -10/Materials | Entered Mines 90 | -10/Mines | Met a Derelict bent on vengeance 137 | -10/Mines | Discovered new exit (range 8) 292 | -10/Mines | Found a hidden stash of uninstalled traps 328 | -10/Mines | Build established: Mutant 368 | -10/Mines | Received a Rocket Launcher from a helpful Derelict 407 | -10/Mines | Deemed a non-threat by the Exiles lab entrance 407 | -10/Mines | Discovered new exit (range 5) 409 | -10/Mines | Entered Exiles 418 | -10/Exiles | Met 8R-AWN 425 | -10/Exiles | Met EX-HEX 435 | -10/Exiles | Met EX-BIN 440 | -10/Exiles | Met EX-DEC 442 | -10/Exiles | Learned location of Zion (-6) 460 | -10/Exiles | Aligned with FarCom system 461 | -10/Exiles | Given EX-Vault access code 469 | -10/Exiles | Opened EX-Vault 478 | -10/Exiles | Warned to stay clear of 0b10 Research branches 539 | -10/Exiles | Found Deploy-a-Sentry 541 | -10/Exiles | Found Deploy-a-Sentry 543 | -10/Exiles | Found Deploy-a-Sentry 568 | -10/Exiles | DAS Turret deployed 574 | -10/Exiles | DAS Turret deployed 594 | -10/Exiles | Found Lightpack 2.0 660 | -10/Exiles | Discovered new exit (range 11) 723 | -10/Exiles | Attacked by the Exiles 759 | -10/Exiles | Allies destroyed EX-BIN 769 | -10/Exiles | Lost 5 parts (3n2w) 785 | -10/Exiles | Found Prototype Ballistic Gun 785 | -10/Exiles | Identified 8R-AWN's Boregun 892 | -10/Exiles | Core integrity fell below 50% 908 | -10/Exiles | Core integrity fell below 20% 917 | -10/Exiles | Destroyed by 8R-AWN with 8R-AWN's Boregun Last Messages --------------- 00900_ HV Slug penetrates Wall. 00901_ Penetrated by HV Slug. 00901_ HV Slug penetrates Wall. 00902_ HV Slug penetrates 8R-AWN. 00902_ 8R-AWN suffers critical hit. 00902_ HV Slug penetrates Wall. 00903_ Penetrated by HV Slug. 00903_ HV Slug penetrates Wall. 00904_ Penetrated by HV Slug. 00904_ HV Slug penetrates Wall. 00905_ Dropped Mak. Leg. 00905_ Dropped Mak. Power Source. 00906_ Penetrated by HV Slug. 00906_ HV Slug penetrates Wall. 00907_ Penetrated by HV Slug. 00912_ HV Slug penetrates Machine. 00912_ Machine disabled. 00914_ Penetrated by HV Slug. 00914_ HV Slug penetrates Machine. 00917_ Penetrated by HV Slug. Map ----- +----------------------------------------------------+ | ?????#" ## #?????????????????????????????? | | ?????#""""""?# #?#########???????????????????? | | ?????##"###??# #?#"""""""#???????????????????? | | ?????????????# #?#"""""""#???????????????????? | | ?????????????# #?#"""""""#???????????????????? | | ????????????## ###"" """"#???????????????????? | | ????????????#" """"#???????????????????? | | ????????????#" """#???????????????????? | | ????????????#" """#???????????????????? | | ????????????#" """#???????????????????? | | ###?????????#" """#???????????????????? | | """????????#" """#???????????????????? | | """#???????## """"???????????????????? | | #????????# """#???????????????????? | | #????????#" "X" """"???????????????????? | | "#????????#" """ #???????????????????? | | ""?????????#" """""""""#???????????????????? | | "?????????##" ###########???????????????????? | | #????????##"" #?????????????????????????????? | | ###?######"" #?????????????????????????????? | | #"###""""""" ##????????????????????????????? | | """""" " "" ##???###########?????????????? | | "" """ " #####"""""""""##????????????? | | " " " """ """"##??????????## | | " " #?????????? # | | @ """#?????????? ? | | "a"#?????????# # | | " "##???????? ## | | ""###?????? #" | | """""" """#????##"#" | | ! ######""" "#????#*# | | ""##????#####""" ##???#= | | """##?????????##""" ##?## | | """####?????????#"""" ### | | " #????????## | | ########??####"""" # | | ## ####""" ""# | | """" #"""## | | #"####? | | % ####???? | | " ##??????? | | " "" """ ""#???????? | | ""## ##""" " " ""#" "##???????? | | ""#### ######""" """##""" """##????????? | | !!! "" "##??# #????###""""###########?????????? | | !!%!! """#???# #??????######???????????????????? | | !!! ""##???! ???????????????????????????????? | | ! """##???#" ???????????????????????????????? | | ##????#" ??????????????????????????????? | | ##??????!!""!??????????????????????????????? | +----------------------------------------------------+ Best States ------------- Heat Dissipation 25 Energy Generation 15 Energy Capacity 170 Matter Stores 300 Matter Capacity 300 Sight Range 16 Terrain Scan Density 10 Evasion (%) 62 Targeting Accuracy 5 Item Schematics ----------------- None Robot Schematics ------------------ None Fabricated ------------ Nothing Alien Tech Used ----------------- None Achievements -------------- None Challenges ------------ None Game ------ Seed HeavyPoweredCleaver Manual? 0 Play Time 00:14:27 Cumulative 317.0 hours Start 2020.08.30 @ 14:06:38 End 2020.08.30 @ 14:20:49 Sessions 1 Manual Loads 0 Difficulty Rogue Special Mode None Game No. 173 Rogue 173 Adventurer 0 Explorer 0 Win Type - Total 23 Types 9/6/4/1/0/0/3 Lore% 94 Gallery% 93 Achievement% 78 Wizard Run 0 Options --------- ASCII 0 Keyboard 0 Movement Numpad Keybinds 0 Fullscreen 2 Font 18/SmallcapsGlow Map View 76x50 Tactical HUD 1 Map Filters NONE Filters NONE Steam 1 RUN: 655bc0f4-2827-4307-a31c-71ce98aae316